 Dungeon Crawl Stone Soup version 0.20-a0-59-g66a9409 (webtiles) character file.

19406 KristoblXynda the Cleaver (level 12, 0/88 HPs)
             Began as a Minotaur Skald on Nov 16, 2016.
             Was a Believer of Ashenzari.
             Killed by divine providence
             ... invoked by a smoke demon
              (7 damage)
             ... on level 2 of the Abyss.
             The game lasted 00:34:52 (15363 turns).

KristoblXynda the Cleaver (Minotaur Skald)         Turns: 15363, Time: 00:34:55

Health: 0/88       AC: 15    Str: 16    XL:     12   Next: 36%
Magic:  22/22      EV: 11    Int: 15    God:    Ashenzari [**....]
Gold:   617        SH: 12    Dex: 12    Spells: 2 memorised, 20 levels left

rFire  . . .     SeeInvis .     J - +3 broad axe (chop)
rCold  x . .     Gourm    .     h - +3 ring mail {rPois} (curse)
rNeg   . . .     Faith    .     p - +0 buckler (curse)
rPois  +         Spirit   .     (helmet unavailable)
rElec  .         Reflect  +     E - +0 cloak "Dienyf" {rC- Slay+3 Stlth+} (curse)
rCorr  +         Harm     .     u - +0 pair of gloves (curse)
MR     .....                    n - +0 pair of boots (curse)
Stlth  ++........               r - +6 amulet of reflection (curse)
                                b - ring of resist corrosion
                                D - +2 ring of intelligence

@: no status effects
A: retaliatory headbutt, beak, horns 3, talons 1, blurry vision 1
a: Curse Item, Scrying, Renounce Religion


You were on level 2 of the Abyss.
You worshipped Ashenzari.
Ashenzari was pleased with you.
You were not hungry.

You visited 3 branches of the dungeon, and saw 14 of its levels.
You visited the Abyss 1 time.

You collected 947 gold pieces.
You spent 330 gold pieces at shops.

Inventory:

Hand Weapons
 l - a +2 whip of draining
 o - the +4 flail "Bugrepsa" {vamp, SInv}
   (You found it on level 1 of the Lair of Beasts)

   It inflicts no extra harm, but heals its wielder when it wounds a living foe.
   It lets you see invisible.
 J - a +3 broad axe of chopping (weapon)
Armour
 h - a cursed +3 ring mail of poison resistance (worn)
 n - a cursed +0 pair of boots (worn)
 p - a cursed +0 buckler (worn)
 u - a cursed +0 pair of gloves (worn)
 E - the cursed +0 cloak "Dienyf" (worn) {rC- Slay+3 Stlth+}
   (You found it on level 7 of the Dungeon)

   It affects your accuracy and damage with ranged weapons and melee attacks
   (+3).
   It makes you vulnerable to cold.
   It makes you more stealthy.
   It has a curse placed upon it.
 F - a +2 pair of boots
Jewellery
 b - a ring of resist corrosion (right hand)
 r - a cursed +6 amulet of reflection (around neck)
 D - a +2 ring of intelligence (left hand)
Wands
 a - a wand of disintegration (12/24)
 v - a wand of lightning (0/15)
 C - a wand of disintegration (12/24)
 H - a wand of digging (3/24)
Scrolls
 c - a scroll of magic mapping
 e - 2 scrolls of remove curse
 j - 5 scrolls of teleportation
 m - a scroll of amnesia
 s - 3 scrolls of immolation
 y - 2 scrolls of identify
 G - a scroll of fog
 I - a scroll of enchant armour
Potions
 f - 3 potions of flight
 g - 2 potions of brilliance
 z - 2 potions of magic
 A - 2 potions of cure mutation
 B - a potion of haste {unknown}
Books
 q - a book of Necromancy

   Spells                             Type                      Level
   a - Pain                           Necromancy                   1
   b - Animate Skeleton               Necromancy                   1
   c - Vampiric Draining              Necromancy                   3
   d - Regeneration                   Charms/Necromancy            3
   e - Animate Dead                   Necromancy                   4
   f - Control Undead                 Necromancy                   4
Comestibles
 d - 6 bread rations
 k - 2 beef jerkies
 t - 4 chunks of flesh
 w - 6 slices of pizza
 x - 2 meat rations


   Skills:
 - Level 2.4 Fighting
 - Level 10.2 Axes
 - Level 9.2(11.3) Armour
 - Level 1.1(2.5) Dodging
 + Level 6.4(7.9) Shields
 + Level 7.9 Spellcasting
 + Level 8.7 Charms
 - Level 3.0 Evocations


You had 20 spell levels left.
You knew the following spells:

 Your Spells              Type           Power        Failure   Level  Hunger
a - Spectral Weapon       Hex/Chrm       ###.....     12%         3    ##.....
b - Regeneration          Chrm/Necr      ###.......   12%         3    ##.....


Dungeon Overview and Level Annotations

Branches:
Dungeon (11/15)            Temple (1/1) D:7            Lair (2/6) D:8
    Orc (0/2) D:9
  Swamp: Lair:2-4    Shoals: Lair:2-4     Snake: Lair:2-4    Spider: Lair:2-4

Altars:
Ashenzari
Cheibriados
Dithmenos
Elyvilon
Fedhas
Gozag
Hepliaklqana
Kikubaaqudgha
Makhleb
Nemelex Xobeh
Okawaru
Qazlal
Ru
Sif Muna
Trog
Uskayaw
Vehumet
Xom
Yredelemnul
Zin
The Shining One

Shops:
D:10 (


Innate Abilities, Weirdness & Mutations

You reflexively headbutt those who attack you in melee.
You have a pair of large horns on your head.
You have a beak for a mouth.
You have sharp toenails.
Scrolls take you a little longer to read.


Message History

You block the large abomination's attack.
Your system partially rejects the healing.
You feel better. The small abomination misses you. You furiously retaliate!
You headbutt the small abomination, but do no damage.
The large abomination barely misses you.
You furiously retaliate!
You headbutt the large abomination, but do no damage.
The small abomination hits you!
* * * LOW HITPOINT WARNING * * *
Your system partially rejects the healing.
You feel better. The small abomination hits you.
* * * LOW HITPOINT WARNING * * *
It was a potion of cure mutation.
It has a very clean taste.
Your system completely accepts artificial healing.
You feel less resistant to hostile enchantments.
Your body's shape seems more normal.
Your vision sharpens a little.
You block the small abomination's attack.
The smoke demon gestures at you. Something smites you!
You die...

* * * * *, *
,,,** , , * *
,, ***, * ..
*** , , * ,#*
*. # *** ***
### , ##.. , *
, { #.# ., .# *
#######..
.##.#.#
#@.#..##.# #.
..# ,
#.#####x#..#. .
..#*, .
,*#.....X####..
. ..# ,.. #
##..3..##
#####.# ,.
#.....# ,
#'#*#. * ,
,#....... , #
.... * ......
.. #..... # *
,*
.#.....#..##.
.... #≈#.....#
.#,.' .. . #


You could see a large abomination, a smoke demon and a small abomination.

Vanquished Creatures
  2 tentacled starspawn (Abyss:2)
  A hydra (D:10)
  An unseen horror (D:10)
  2 hill giants (D:10)
  Pikel (D:9)
  A manticore (D:11)
  An ugly thing (D:11)
  An elephant (D:8)
  2 guardian serpents (D:9)
  2 spiny frogs (Lair:1)
  A kobold demonologist (D:10)
  2 trolls
  A two-headed ogre (D:9)
  5 hippogriffs
  A large abomination (Abyss:2)
  Sigmund (D:2)
  A yak (D:10)
  A human (D:10)
  3 hogs (D:10)
  A basilisk (Lair:1)
  A hungry ghost (D:9)
  2 small abominations (Abyss:2)
  A water moccasin (Lair:1)
  2 sky beasts
  8 orc warriors
  3 ice beasts
  A black bear (Lair:1)
  A phantom (D:5)
  A boggart (D:11)
  4 centaurs
  10 ogres
  7 wolves (Lair:1)
  2 crocodiles
  9 big kobolds
  4 bullfrogs
  5 gnoll sergeants
  A wyvern zombie (D:8)
  3 scorpions
  10 killer bees
  4 wights (D:9)
  5 howler monkeys
  A centaur zombie (D:9)
  4 crimson imps
  Crazy Yiuf (D:3)
  7 orc priests
  7 hounds
  2 jellies
  14 orc wizards
  4 bullfrog skeletons
  Ijyb (D:3)
  4 iguanas
  11 worker ants
  A killer bee zombie (D:6)
  A hound zombie (D:8)
  3 hound skeletons
  A worker ant zombie (D:10)
  Robin (D:3)
  16 gnolls
  3 howler monkey skeletons
  13 adders
  A shadow imp (D:10)
  3 oozes
  An adder zombie (D:9)
  2 adder skeletons
  3 worms
  5 dart slugs
  6 leopard geckos
  28 orcs
  7 bats
  8 giant cockroaches
  17 goblins
  9 hobgoblins
  10 jackals
  25 kobolds
  4 quokkas
  10 frilled lizards
  2 jackal skeletons
  2 quokka skeletons
  7 rats
  2 starspawn tentacles (Abyss:2)
362 creatures vanquished.

Vanquished Creatures (others)
  A slave (D:9)
  A centaur (D:8)
  An adder (D:9)
  An orc (D:10)
  A fungus (Lair:1)
  2 plants (Lair:1)
  4 starspawn tentacles (Abyss:2)
11 creatures vanquished.

Grand Total: 373 creatures vanquished

Notes
Turn   | Place    | Note
-------+----------+-------------------------------------------
     0 | D:1      | KristoblXynda the Minotaur Skald began the quest for the Orb.
     0 | D:1      | Reached XP level 1. HP: 18/18 MP: 1/1
   223 | D:1      | Reached XP level 2. HP: 25/25 MP: 3/3
   548 | D:1      | Reached skill level 3 in Axes
   687 | D:1      | Reached XP level 3. HP: 25/30 MP: 4/4
  1244 | D:2      | Found a faded altar of an unknown god.
  1262 | D:2      | Found a sacrificial altar of Ru.
  1540 | D:2      | Noticed Sigmund
  1544 | D:2      | Gained mutation: Scrolls take you a little longer to read. [potion of mutation]
  1544 | D:2      | Gained mutation: You have sharp toenails. [potion of mutation]
  1544 | D:2      | Gained mutation: You have a beak for a mouth. [potion of mutation]
  1555 | D:2      | Killed Sigmund
  1555 | D:2      | Reached skill level 4 in Axes
  1555 | D:2      | Reached XP level 4. HP: 24/37 MP: 5/5
  1555 | D:2      | Reached XP level 5. HP: 27/42 MP: 6/6
  1812 | D:3      | Noticed Robin
  1827 | D:3      | Killed Robin
  1836 | D:3      | Reached skill level 5 in Axes
  1837 | D:3      | Reached XP level 6. HP: 24/50 MP: 7/7
  2066 | D:3      | Learned a level 3 spell: Regeneration
  2486 | D:3      | Reached skill level 1 in Shields
  3033 | D:3      | Noticed Ijyb
  3050 | D:3      | Killed Ijyb
  3366 | D:3      | Found a runed door.
  3370 | D:3      | Noticed Crazy Yiuf
  3378 | D:3      | Killed Crazy Yiuf
  3528 | D:3      | Found a faded altar of an unknown god.
  3528 | D:3      | Found a faded altar of an unknown god.
  3533 | D:3      | Found a faded altar of an unknown god.
  3535 | D:3      | Found a stormy altar of Qazlal.
  3536 | D:3      | Found a faded altar of an unknown god.
  3682 | D:4      | Noticed a hand axe
  3683 | D:4      | Noticed a hand axe
  3687 | D:4      | Found a basalt altar of Yredelemnul.
  3688 | D:4      | Found a hide-covered altar of Uskayaw.
  3704 | D:4      | Reached XP level 7. HP: 54/56 MP: 8/8
  4018 | D:4      | Reached skill level 6 in Axes
  4628 | D:5      | Entered Level 5 of the Dungeon
  5009 | D:5      | Found a shadowy altar of Dithmenos.
  5026 | D:5      | Reached skill level 7 in Axes
  5026 | D:5      | Reached XP level 8. HP: 50/62 MP: 8/10
  5423 | D:5      | Found a sparkling altar of Nemelex Xobeh.
  5798 | D:6      | Noticed a hippogriff
  5822 | D:6      | Killed a hippogriff
  5822 | D:6      | Reached skill level 8 in Axes
  6099 | D:6      | Found a blossoming altar of Fedhas.
  7234 | D:7      | Reached XP level 9. HP: 68/68 MP: 13/13
  7499 | D:7      | Got a dazzling cloak
  7510 | D:7      | Reached skill level 5 in Charms
  7555 | D:7      | Reached skill level 9 in Axes
  7730 | D:7      | Identified the +0 cloak "Dienyf" {rC- Slay+3 Stlth+} (You found it on level 7 of the Dungeon)
  7939 | D:7      | Found a staircase to the Ecumenical Temple.
  8046 | Temple   | Entered the Ecumenical Temple
  8108 | Temple   | Became a worshipper of Ashenzari the Shackled
  8638 | D:8      | Found a staircase to the Lair.
  9029 | D:8      | Noticed an elephant
  9051 | D:8      | Killed an elephant
  9051 | D:8      | Reached skill level 10 in Axes
  9192 | D:8      | Reached XP level 10. HP: 56/74 MP: 16/16
  9786 | D:8      | Reached * piety under Ashenzari
  9926 | Lair:1   | Entered Level 1 of the Lair of Beasts
  9937 | Lair:1   | Reached skill level 5 in Spellcasting
  9967 | Lair:1   | Reached skill level 5 in Armour
 10026 | Lair:1   | Learned a level 3 spell: Spectral Weapon
 10240 | Lair:1   | Noticed a spiny frog
 10248 | Lair:1   | Killed a spiny frog
 10763 | Lair:1   | Noticed a spiny frog
 10978 | Lair:1   | Identified the +1 leather armour of Hedonism {Regen+}
 11015 | Lair:1   | Killed a spiny frog
 11020 | Lair:1   | Got the flail "Bugrepsa" {vamp, SInv}
 11387 | Lair:2   | Noticed a four-headed hydra
 11581 | D:9      | Noticed a guardian serpent
 11634 | D:9      | Noticed a guardian serpent
 11663 | D:9      | Killed a guardian serpent
 11712 | D:9      | Gained mutation: Potions and wands are less effective at restoring your health. [mutagenic meat]
 11713 | D:9      | Gained mutation: You tend to lose your temper in combat. [mutagenic meat]
 11715 | D:9      | Gained mutation: You are resistant to hostile enchantments. (MR+) [mutagenic meat]
 11716 | D:9      | Gained mutation: Armour fits poorly on your strangely shaped body. [mutagenic meat]
 11901 | D:9      | Killed a guardian serpent
 11901 | D:9      | Reached XP level 11. HP: 80/80 MP: 19/19
 11914 | D:9      | Gained mutation: You are robust. (+10% HP) [mutagenic meat]
 11915 | D:9      | Lost mutation: Scrolls take you a little longer to read. [mutagenic meat]
 11924 | D:9      | Lost mutation: You are robust. (+10% HP) [potion of mutation]
 11944 | D:9      | Noticed Pikel
 11958 | D:9      | Killed Pikel
 12347 | D:9      | Found a staircase to the Orcish Mines.
 12656 | D:9      | HP: 3/80 [ogre/giant club (13)]
 13312 | D:10     | Entered Level 10 of the Dungeon
 13800 | D:10     | Noticed a hill giant
 13944 | D:10     | Noticed a hill giant
 14004 | D:10     | Killed a hill giant
 14004 | D:10     | Reached skill level 1 in Evocations
 14015 | D:10     | Killed a hill giant
 14138 | D:10     | Reached ** piety under Ashenzari
 14168 | D:10     | Found Muykk's Antique Weapon Shoppe.
 14171 | D:10     | Bought a runed broad axe for 330 gold pieces
 14217 | D:10     | Killed an unseen horror
 14302 | D:10     | Noticed a five-headed hydra
 14348 | D:10     | Killed a five-headed hydra
 14772 | D:11     | Gained mutation: Scrolls take you a little longer to read. [mutagenic meat]
 14773 | D:11     | Gained mutation: You have a pair of large horns on your head. [mutagenic meat]
 14774 | D:11     | Lost mutation: You tend to lose your temper in combat. [mutagenic meat]
 14776 | D:11     | Gained mutation: Scrolls take you longer to read. [mutagenic meat]
 15117 | D:11     | Noticed a red ugly thing
 15127 | D:11     | Killed a red ugly thing
 15127 | D:11     | Reached XP level 12. HP: 63/88 MP: 22/22
 15167 | D:11     | Cast into level 2 of the Abyss (a wizard)
 15181 | Abyss:2  | Noticed a tentacled starspawn
 15201 | Abyss:2  | Killed a tentacled starspawn
 15201 | Abyss:2  | Reached skill level 5 in Shields
 15247 | Abyss:2  | Found a corrupted altar of Lugonu.
 15265 | Abyss:2  | Noticed a tentacled starspawn
 15266 | Abyss:2  | Noticed a tentacled starspawn
 15277 | Abyss:2  | Killed a tentacled starspawn
 15361 | Abyss:2  | HP: 3/88 [small abomination (11)]
 15363 | Abyss:2  | Lost mutation: Potions and wands are less effective at restoring your health. [potion of cure mutation]
 15363 | Abyss:2  | Lost mutation: You are resistant to hostile enchantments. (MR+) [potion of cure mutation]
 15363 | Abyss:2  | Lost mutation: Armour fits poorly on your strangely shaped body. [potion of cure mutation]
 15363 | Abyss:2  | Lost mutation: Scrolls take you longer to read. [potion of cure mutation]
 15363 | Abyss:2  | Killed from afar by a smoke demon

Vault maps used:
D:1:      zelgadis_glass_arrival_large
D:2:      overflow_temple_1_default, ecumenical_altar_1, serial_glass,
          glass_columns_a, glass_columns_a, glass_columns_a, glass_columns_c,
          glass_columns_a, glass_columns_b, uniq_sigmund
D:3:      chequers_temple_overflow_minitemple, grunt_ministairs_8, uniq_iyjb,
          uniq_crazy_yiuf_cottage, uniq_robin
D:4:      dancing_weapons_uskayaw, lemuel_round_altar, first_bread
D:5:      nicolae_dithmenos_through_a_glass_darkly, nemelex_altar_shiori
D:6:      fedhas_altar_3
D:8:      david_lair_generic
D:9:      nrook_guardian_serpent_snake_passage,
          kennysheep_orc_monster_closet_entryway, uniq_pikel
D:10:     kennysheep_blocky_room, serial_shops, nicolae_shop_behind_doors,
          grunt_livestock
D:11:     minmay_smoke_and_mirrors
Temple:   zaba_magenta_temple
Lair:1:   beast_lair_carwin_large_1
Lair:2:   elwin_shoals_entry_stream, grunt_megastairs_1, uniq_sonja

Skill      XL: |  1  2  3  4  5  6  7  8  9 10 11 12 |
---------------+-------------------------------------+-----
Armour         | 2 3 4 7 9 |  9.2
Axes           | 3 4 5 7 8 10 | 10.2
Charms         | 3 4 6 7 8 |  8.7
Shields        | 2 4 6 |  6.4
Spellcasting   | 2 3 4 6 7 |  7.9
Evocations     | 3 |  3.0
Fighting       | |  2.4
Dodging        | |  1.1

Action                   |  1- 3 |  4- 6 |  7- 9 | 10-12 || total
-------------------------+-------+-------+-------+-------++-------
Melee: Hand axe          |   103 |   137 |    77 |       ||   317
       Headbutt          |    15 |    24 |    87 |   114 ||   240
       Kick              |     1 |    25 |    14 |       ||    40
       Peck              |     1 |    27 |    91 |    96 ||   215
       Whip              |       |    35 |   376 |   384 ||   795
       War axe           |       |       |    47 |   142 ||   189
       Broad axe         |       |       |       |    94 ||    94
Invok: Curse Item        |       |       |     3 |     3 ||     6
Evoke: Wand              |       |       |     1 |     4 ||     5
  Use: Potion            |     4 |     2 |     2 |    11 ||    19
       Scroll            |       |    10 |    10 |     8 ||    28
 Stab: Sleeping          |       |       |       |     3 ||     3
       Distracted        |       |       |       |     2 ||     2
       Invisible         |       |       |       |     5 ||     5
  Eat: Chunk             |     2 |     4 |     5 |    21 ||    32
       Beef jerky        |       |     2 |       |       ||     2
       Pizza             |       |       |     3 |     1 ||     4
       Bread ration      |       |       |     2 |     3 ||     5
Armor: Leather armour    |    11 |       |       |       ||    11
       Ring mail         |    38 |    70 |   165 |   173 ||   446
       Skin              |       |       |       |    77 ||    77
Dodge: Dodged            |    61 |    84 |   165 |   202 ||   512
Block: Other             |     5 |    22 |       |       ||    27
       Reflection        |       |     3 |     6 |    11 ||    20
       Buckler           |       |    86 |   229 |   361 ||   676
